 Dungeon Crawl Stone Soup version 0.28-a0-1567-g1695149f81 (webtiles) character file.

Game seed: 1515115696960867764

350 hatsuma the Ducker (level 6, 0/46 HPs)
             Began as a Djinni Fire Elementalist on Jan 19, 2022.
             Slain by an orc priest (2 damage)
             ... on level 5 of the Dungeon.
             The game lasted 00:25:05 (5862 turns).

hatsuma the Ducker (Djinni Fire Elementalist)       Turns: 5862, Time: 00:25:05

Health: 0/46       AC:  2    Str:  7    XL:     6   Next: 92%
Gold:   153        EV: 13    Int: 19    God:
                   SH:  5    Dex: 13

rFire   + + .      SeeInvis .     - Unarmed
rCold   x . .      Faith    .   (no shield)
rNeg    . . .      Spirit   .   a - +0 robe
rPois   ∞          Reflect  +   (no helmet)
rElec   .          Harm     .   (no cloak)
rCorr   .          Rampage  .   (no gloves)
Will    .....                   (boots unavailable)
Stlth   ++........              m - amulet of reflection
HPRegen 0.15/turn               (no ring)
MPRegen 0.00/turn               (no ring)

@: mighty, flying
A: sickness immunity, fire resistance 2, cold vulnerability 1, float, innate
caster, hp casting, extra vitality 1
a: no special abilities


You were on level 5 of the Dungeon.
You visited 1 branch of the dungeon, and saw 5 of its levels.

You collected 153 gold pieces.

Inventory:

Hand Weapons
 h - the +4 dagger of Anxiety {speed, Contam rPois rN+ rCorr}
   (You found it on level 4 of the Dungeon)

   Attacks with this weapon are significantly faster.
   rPois:     It protects you from poison.
   rN:        It protects you from negative energy.
   Contam:    It causes magical contamination when unequipped.
   rCorr:     It protects you from acid and corrosion.
Missiles
 d - 12 poisoned darts
Armour
 a - a +0 robe (worn)
Jewellery
 m - an amulet of reflection (around neck)
Wands
 q - a wand of digging (7)
Scrolls
 b - a scroll of silence {unknown}
 e - a scroll of teleportation {unknown}
 f - 2 scrolls of summoning {unknown}
 i - a scroll of enchant armour {unknown}
 n - a scroll of fear {unknown}
 o - a scroll of magic mapping {unknown}
 p - a scroll of enchant weapon {unknown}
 r - a scroll of immolation {unknown}
Potions
 g - 2 potions of heal wounds
 j - a potion of brilliance {unknown}
 k - a potion of ambrosia
 l - 2 potions of mutation


   Skills:
 - Level 3.1 Fighting
 - Level 3.4 Dodging
 - Level 2.0 Stealth
 - Level 3.1 Unarmed Combat
 + Level 3.4 Spellcasting


You couldn't memorise any spells.
You knew the following spells:

 Your Spells              Type           Power      Damage    Failure   Level
a - Foxfire               Conj/Fire      64%        2x1d7     3%          1
b - Summon Small Mammal   Summ           64%        N/A       3%          1
c - Scorch                Fire           32%        2d7       5%          2
d - Blink                 Tloc           32%        N/A       5%          2
e - Conjure Flame         Conj/Fire      16%        6-21      11%         3
f - Inner Flame           Hex/Fire       16%        N/A       11%         3
g - Flame Wave            Conj/Fire      16%        2d5       34%         4
Your spell library was empty.

Dungeon Overview and Level Annotations

Branches:
Dungeon (5/15)
 Temple: D:4-7

Altars:


Innate Abilities, Weirdness & Mutations

You are immune to sickness and miasma.
You are immune to poison.
Your flesh is very heat resistant. (rF++)
You are vulnerable to cold. (rC-)
You float through the air rather than walking.
You learn spells naturally, not from books.
Your magical power is your life essence.
You have superior vitality. (+4 MHP)


Message History

The foxfire hits the orc.
The orc is severely wounded.
The orc barely misses you.
You feel very mighty all of a sudden.
Your quokka barely misses the orc.
The orc barely misses you. The orc priest barely misses you.
You hit the orc priest.
The orc priest is moderately wounded.
Your quokka bites the orc but does no damage.
The orc completely misses you. The orc priest hits you with a +0 club.
* * * LOW HITPOINT WARNING * * *
Your quokka bites the orc but does no damage.
You closely miss the orc priest.
The orc priest is moderately wounded.
The orc hits you with a +0 flail.
* * * LOW HITPOINT WARNING * * *
The orc priest hits you with a +0 club.
* * * LOW HITPOINT WARNING * * *
Your quokka bites the orc but does no damage.
You hit the orc.
The orc is severely wounded.
The orc completely misses you.
The orc priest calls down the wrath of Beogh upon you.
You struggle to resist.
Your quokka bites the orc but does no damage.
You closely miss the orc.
The orc is severely wounded.
The orc hits you with a +0 flail!
* * * LOW HITPOINT WARNING * * *
The orc priest closely misses you.
Your quokka bites the orc.
The orc dies!
You barely miss the orc priest.
The orc priest is lightly wounded.
Your quokka barely misses the orc priest.
The orc priest closely misses you.
You hit the orc priest.
The orc priest is heavily wounded.
Your quokka closely misses the orc priest.
The orc priest hits you with a +0 club.
You die...

#.))o...# #.#####.# ### #)#
#.# #.. #)# #.# #####.# #o#
#.# #.....# #.#
#)##############.##### #)#
#...)................. #o#
#..#############.##### #.#
#..r)@................
###.#####...o....#############
#).....###.#.##### #......#
#.#.# #..o...#
#.#.################# #...o..#
#.#..............<... #.)....#
#.################### #......#
#.# #......# #.#


You could see an orc priest (ally target) and a friendly quokka (summoned).

Vanquished Creatures
  A hound (D:4)
  An orc priest (D:5)
  An iguana (D:4)
  A mummy (D:4)
  A gnoll (D:4)
  3 adders
  A white imp (D:4)
  An ufetubus (D:5)
  A worm (D:4)
  9 orcs
  4 bats
  5 endoplasms
  2 giant cockroaches (D:4)
  4 goblins
  8 hobgoblins
  4 kobolds
  4 quokkas
  7 ball pythons
  7 frilled lizards
  5 rats
70 creatures vanquished.

Vanquished Creatures (collateral kills)
  A water moccasin skeleton (D:5)
  2 iguanas
  A gnoll (D:4)
  An adder skeleton (D:4)
  2 orcs
  An endoplasm (D:2)
  A hobgoblin (D:3)
  A ball python (D:3)
  2 frilled lizards
  A goblin (D:3)
13 creatures vanquished.

Vanquished Creatures (others)
  167 foxfires
167 creatures vanquished.

Grand Total: 250 creatures vanquished

Notes
Turn   | Place    | Note
-------+----------+-------------------------------------------
     0 | D:1      | hatsuma the Djinni Fire Elementalist began the quest for
                  | the Orb.
     0 | D:1      | Reached XP level 1. HP: 15/15 MP: 0/0
   312 | D:1      | Reached skill level 1 in Fighting
   396 | D:1      | Reached XP level 2. HP: 8/22 MP: 0/0
  1275 | D:2      | Reached skill level 1 in Unarmed Combat
  1275 | D:2      | Reached XP level 3. HP: 25/28 MP: 0/0
  1275 | D:2      | Learned a level 1 spell: Summon Small Mammal
  1972 | D:3      | Reached XP level 4. HP: 19/33 MP: 0/0
  2862 | D:3      | Reached XP level 5. HP: 20/38 MP: 0/0
  2862 | D:3      | Learned a level 2 spell: Blink
  3151 | D:4      | Noticed an ogre
  4412 | D:4      | Reached XP level 6. HP: 39/43 MP: 0/0
  4599 | D:4      | Identified the +4 dagger of Anxiety {speed, Contam rPois
                  | rN+ rCorr}
  5158 | D:5      | Entered Level 5 of the Dungeon
  5860 | D:5      | HP: 2/46 [orc (7)]
  5862 | D:5      | Slain by an orc priest

Illustrated notes

Levels and vault maps discovered:
D:1:      dpeg_arrival_snail, layout_basic, serial_corexii_hall,
          corexii_hall_statues_i, chequers_hall_statues_corner_a,
          minmay_pentomino_q4
D:2:      layout_rooms
D:3:      wander_river, layout_basic
D:4:      layout_rooms, gup_ossuary_entry_pyramid, kennysheep_cross_room
D:5:      layout_basic

Skill      XL: |  1  2  3  4  5  6 |
---------------+-------------------+-----
Fighting       | 1 2 3 |  3.1
Unarmed Combat | 1 2 3 |  3.1
Spellcasting   | 3 |  3.4
Dodging        | 3 |  3.4
Stealth        | 2 |  2.0

Action                   |  1- 3 |  4- 6 || total
-------------------------+-------+-------++-------
Melee: Unarmed           |    44 |   116 ||   160
       Punch             |     1 |     4 ||     5
 Cast: Foxfire           |    38 |    66 ||   104
       Summon Small Mamm |     4 |    31 ||    35
       Scorch            |       |     1 ||     1
  Use: Scroll            |       |     4 ||     4
       Potion            |       |     1 ||     1
 Stab: Sleeping          |     2 |     2 ||     4
Armor: Robe              |     7 |    13 ||    20
Dodge: Dodged            |    30 |    96 ||   126
Block: Other             |       |    12 ||    12

Table legend: (Time is in decaauts)
 A = Elapsed time spent in this place.
 B = Non-inter-level travel time spent in this place.
 C = Inter-level travel time spent in this place.
 D = Time resting spent in this place.
 E = Time spent auto-exploring this place.
 F = Levels seen in this place.
 G = Mean time per level.
                   A        B        C        D        E       F      G
               +--------+--------+--------+--------+--------+-----+--------+
         Total |   5864 |   5337 |    527 |   1212 |   2712 |   5 | 1172.8 |
       Dungeon |   5864 |   5337 |    527 |   1212 |   2712 |   5 | 1172.8 |
               +--------+--------+--------+--------+--------+-----+--------+

Top non-repeatable levels by time:
     D:3: 2027 daAuts
     D:4: 1238 daAuts
     D:1: 1209 daAuts
     D:5: 702 daAuts
     D:2: 687 daAuts
